AoeStats
← MrMouseCZE

Four Lakes

509935767Analyzed
1v1 RM · 5d ago on Sep 28, 2026· 26m 13s· 2 players
Game mode
Random Map
Map size
Tiny (2 player)
Population
200
Speed
Normal
Resources
Standard
Victory
Conquest
Starting age
Dark Age
Ending age
Imperial Age
RankedLock teamsTeams togetherTeam positionsShared explorationLock speedFull tech treeHidden civsTurbo modeCheats
Victory
Defeat
🇮🇪 Malay · Ireland
981
+14
🇨🇿 Huns · Czechia
946
-14
MrMouseCZE
6:25 Loom
10:14 Feudal Age
12:17 Horse Collar
13:33 Double-Bit Axe
21:44 Castle Age
20:06 Bloodlines
20:46 Forging
20:42 Scale Barding Armor
20:50 Town Watch
22:02 Wheelbarrow
24:33 Pikeman
caol-boy
10:56 Feudal Age
10:30 Double-Bit Axe
11:06 Loom
17:31 Castle Age
15:45 Fishing Lines
17:30 Forging
17:25 Scale Barding Armor
17:18 Gillnets
18:02 Gold Mining
21:42 Husbandry
24:23 Iron Casting
Connection lost

Rejoining the realm…

Still unreachable

The connection could not be restored.

Session expired

The server has moved on; the page needs a fresh start.